 Dungeon Sprint DCSS version 0.26-a0-672-g1df16c3386 (webtiles) character file.

Game seed: 16792087757229860995

38054 mhtbhm the Hoplite (level 13, -12/139 HPs)
             Began as a Minotaur Fighter on Oct 20, 2020.
             Was the Champion of Okawaru.
             Splashed by a lich's acid (14 damage)
             ... in the Dungeon (Sprint IX: "|||||||||||||||||||||||||||||").
             The game lasted 00:08:55 (4377 turns).

mhtbhm the Hoplite (Minotaur Fighter)               Turns: 4377, Time: 00:08:56

Health: -12/139    AC: 28    Str: 33    XL:     13   Next: 61%
Magic:  12/12      EV: 19    Int:  3    God:    Okawaru [******]
Gold:   1225       SH: 17    Dex: 10    Spells: 12/12 levels left

rFire    + + .     SeeInvis .   a - +8 short sword "Zixkumaski" {freeze, *Contam rF++ Str+5}
rCold    . . .     Faith    .   c - +0 kite shield
rNeg     + . .     Spirit   .   b - +2 plate armour {rN+}
rPois    .         Reflect  .   (helmet restricted)
rElec    +         Harm     .   o - +0 cloak
rCorr    .         Rampage  .   p - +1 pair of gloves
MR       .....     NoTele   +   x - +2 pair of boots of Analysis {rElec Str+2 Stlth+}
Stlth    ..........             (no amulet)
HPRegen  0.33/turn              q - +2 ring of evasion
MPRegen  0.13/turn              s - +4 ring of evasion

@: corroded
A: retaliatory headbutt, horns 2, slimy green scales 1, yellow scales 1, dopey 1
a: Heroism, Finesse, Renounce Religion


You were in the Dungeon.
You worshipped Okawaru.
Okawaru was exalted by your worship.
You visited 1 branch You collected 1918 gold pieces.
You spent 693 gold pieces at shops.

Inventory:

Hand Weapons
 a - the +8 short sword "Zixkumaski" (weapon) {freeze, *Contam rF++ Str+5}
   (Okawaru gifted it to you in the Dungeon)

   It has been specially enchanted to freeze those struck by it, causing extra
   injury to most foes and up to half again as much damage against particularly
   susceptible opponents.
   It can also slow down cold-blooded creatures.
   It affects your strength (+5).
   It greatly protects you from fire.
   It causes magical contamination when unequipped.
Missiles
 A - 6 curare-tipped darts (quivered)
Armour
 b - a +2 plate armour of positive energy (worn)
 c - a +0 kite shield (worn)
 o - a +0 cloak (worn)
 p - a +1 pair of gloves (worn)
 x - the +2 pair of boots of Analysis (worn) {rElec Str+2 Stlth+}
   (Okawaru gifted it to you in the Dungeon)

   It affects your strength (+2).
   It insulates you from electricity.
   It makes you more stealthy.
Jewellery
 q - a +2 ring of evasion (left hand)
 s - a +4 ring of evasion (right hand)
 F - an uncursed ring of protection from cold
 G - an uncursed ring of protection from fire
 H - an uncursed ring of protection from magic
 I - an uncursed ring of fire
Wands
 n - a wand of iceblast (5)
 y - a wand of digging (5)
 z - a wand of flame (9)
Scrolls
 j - a scroll of blinking
 l - 8 scrolls of remove curse
 m - 2 scrolls of amnesia
 r - a scroll of magic mapping
 t - a scroll of fear
 u - 3 scrolls of fog
 v - 4 scrolls of enchant weapon
 w - 7 scrolls of enchant armour
 B - 3 scrolls of identify
 D - a scroll of immolation
Potions
 d - 3 potions of might
 e - 3 potions of curing
 f - 2 potions of heal wounds
 h - 4 potions of magic
 i - 2 potions of mutation
 k - a potion of berserk rage
 C - a potion of ambrosia {unknown}


   Skills:
 + Level 19.6 Fighting
 + Level 18.1(18.2) Short Blades
   Level 3.7(13.7) Long Blades
 + Level 5.8 Throwing
 + Level 17.4 Armour
 + Level 10.9 Dodging
 + Level 4.7 Stealth
 + Level 22.1 Shields
 + Level 3.1 Evocations


You had 12 spell levels left.
You didn't know any spells.
Your spell library was empty.

Dungeon Overview and Level Annotations

Branches:
Dungeon (1/1)

Altars:
Cheibriados
Dithmenos
Elyvilon
Fedhas
Gozag
Hepliaklqana
Kikubaaqudgha
Makhleb
Nemelex Xobeh
Okawaru
Qazlal
Ru
Sif Muna
Trog
Uskayaw
Vehumet
Wu Jian
Xom
Yredelemnul
Zin
The Shining One
Beogh
Jiyva
Lugonu

Shops:
D ?*?(


Innate Abilities, Weirdness & Mutations

You reflexively headbutt those who attack you in melee.
You have a pair of horns on your head.
You are partially covered in slimy green scales. (AC +2)
You are partially covered in yellow scales. (AC +2)
You are dopey. (Int -2)


Message History

The tengu conjurer claws you but does no damage.
The lich points at you and mumbles some strange words.
The crystal spear hits you!!!
* * * LOW HITPOINT WARNING * * *
You turn to flesh and can move again.
Press: ? - help, Dir - move target cursor, p - lich
As you read the scroll of blinking, it crumbles to dust.
You are too injured to fight recklessly!
Unknown command.
You are too injured to fight recklessly!
Unknown command.
You feel much better.
The lich is no longer moving quickly.
The lich gestures wildly while chanting.
The lich seems to speed up.
The lich points at you and mumbles some strange words.
The bolt of acid hits you!!
* * * LOW HITPOINT WARNING * * *
The acid corrodes you!
You are splashed with acid!
You die...

))..........).......▓
▓▓▓▓▓▓▓▓▓▓▓▓▓▓▓▓▓▓▓.▓
()()).....'..(..([(.▓
▓▓▓▓▓▓▓▓▓▓▓▓▓▓▓▓▓▓▓▓▓
....................▓
▓▓▓▓▓▓▓▓▓▓▓▓▓▓▓▓▓▓▓.▓
)()('...............▓
▓▓▓▓▓▓▓▓▓▓▓▓▓▓▓▓▓▓▓▓▓
........).......@...▓
▓▓▓▓▓▓▓▓▓▓▓▓▓▓▓▓▓▓▓L▓
D.Q*...........L....▓
▓▓▓▓▓▓▓▓▓▓▓▓▓▓▓▓▓▓▓▓▓


You could see a lich (fast).

Vanquished Creatures
  Agnes (D)
  A stone giant (D)
  2 spark wasps (D)
  3 fire dragons (D)
  Erolcha (D)
  A naga warrior (D)
  A merfolk impaler (D)
  Harold (D)
  3 hydras (D)
  2 anacondas (D)
  A catoblepas (D)
  3 two-headed ogres (D)
  5 ogre magi (D)
  Urug (D)
  A naga sharpshooter (D)
  Sonja (D)
  Nergalle (D)
  A naga ritualist (D)
  5 lindwurms (D)
  A harpy (D)
  A deep elf mage (D)
  An orb spider (D)
  3 wolf spiders (D)
  A cyclops (D)
  2 manticores (D)
  2 ugly things (D)
  A merfolk siren (D)
  A black mamba (D)
  3 naga magi (D)
  3 cane toads (D)
  2 komodo dragons (D)
  A yaktaur (D)
  A rime drake (D)
  A tengu conjurer (D)
  2 merfolk (D)
  A troll (D)
  A tyrant leech (D)
  A hornet (D)
  3 bog bodies (D)
  A snapping turtle (D)
  A wraith (D)
  A tarantella (D)
  A tarantella (shapeshifter) (D)
  A water elemental (D)
  A basilisk (D)
  2 redbacks (D)
  A steam dragon (D)
  Grum (D)
  3 water moccasins (D)
  3 swamp drakes (D)
  11 orc warriors (D)
  2 black bears (D)
  An eye of draining (D)
  7 ogres (D)
  6 wolves (D)
  A boggart (D)
  5 bullfrogs (D)
  2 scorpions (D)
  5 orc priests (D)
  A hound (D)
  5 orc wizards (D)
  A worker ant (D)
  2 white imps (D)
  An ooze (D)
  An ooze (shapeshifter) (D)
  An adder skeleton (D)
  2 worms (D)
  5 orcs (D)
  A bat skeleton (D)
  A hobgoblin (D)
  2 bats (D)
  A frilled lizard (D)
  A rat (D)
148 creatures vanquished.

Vanquished Creatures (others)
  A killer bee (D)
1 creature vanquished.

Grand Total: 149 creatures vanquished

Notes
Turn   | Place    | Note
-------+----------+-------------------------------------------
     0 | D        | mhtbhm the Minotaur Fighter began the quest for the Orb.
     0 | D        | Reached XP level 1. HP: 19/19 MP: 0/0
     8 | D        | Reached skill level 4 in Shields
    18 | D        | Noticed a hound
    21 | D        | Killed a hound
    21 | D        | Reached skill level 5 in Fighting
    21 | D        | Reached skill level 5 in Armour
    21 | D        | Reached skill level 5 in Shields
    21 | D        | Reached XP level 2. HP: 28/29 MP: 1/1
    21 | D        | Reached XP level 3. HP: 35/36 MP: 2/2
   312 | D        | Found a roughly hewn altar of Beogh.
   312 | D        | Found a snail-covered altar of Cheibriados.
   312 | D        | Found a shadowy altar of Dithmenos.
   312 | D        | Found a white marble altar of Elyvilon.
   312 | D        | Found a blossoming altar of Fedhas.
   312 | D        | Found an opulent altar of Gozag.
   313 | D        | Found a hazy altar of Hepliaklqana.
   314 | D        | Found a viscous altar of Jiyva.
   315 | D        | Found an ancient bone altar of Kikubaaqudgha.
   316 | D        | Found a corrupted altar of Lugonu.
   317 | D        | Found a burning altar of Makhleb.
   318 | D        | Found a sparkling altar of Nemelex Xobeh.
   319 | D        | Found an iron altar of Okawaru.
   320 | D        | Found a stormy altar of Qazlal.
   321 | D        | Found a sacrificial altar of Ru.
   322 | D        | Found a shimmering blue altar of Sif Muna.
   323 | D        | Found a bloodstained altar of Trog.
   324 | D        | Found a hide-covered altar of Uskayaw.
   325 | D        | Found a radiant altar of Vehumet.
   326 | D        | Found an ornate altar of the Wu Jian Council.
   327 | D        | Found a shimmering altar of Xom.
   331 | D        | Became a worshipper of Warmaster Okawaru
   333 | D        | Found a basalt altar of Yredelemnul.
   334 | D        | Found a glowing silver altar of Zin.
   335 | D        | Found a glowing golden altar of the Shining One.
   392 | D        | Noticed a two-headed ogre
   392 | D        | Noticed a bullfrog
   392 | D        | Noticed a killer bee
   392 | D        | Noticed a hornet
   392 | D        | Noticed a scorpion
   395 | D        | Killed a scorpion
   395 | D        | Reached skill level 6 in Shields
   395 | D        | Reached XP level 4. HP: 45/45 MP: 3/3
   404 | D        | Killed a hornet
   404 | D        | Reached * piety under Okawaru
   404 | D        | Reached skill level 1 in Dodging
   404 | D        | Reached skill level 1 in Stealth
   404 | D        | Reached skill level 8 in Shields
   404 | D        | Reached XP level 5. HP: 32/56 MP: 4/4
   404 | D        | Reached XP level 6. HP: 36/62 MP: 5/5
   409 | D        | Killed a two-headed ogre
   409 | D        | Reached ** piety under Okawaru
   409 | D        | Reached *** piety under Okawaru
   409 | D        | Reached skill level 10 in Fighting
   409 | D        | Reached skill level 11 in Shields
   409 | D        | Reached XP level 7. HP: 65/73 MP: 6/6
   417 | D        | Reached skill level 5 in Short Blades
   417 | D        | Reached XP level 8. HP: 74/82 MP: 7/7
   548 | D        | Noticed a red ugly thing
   548 | D        | Noticed a red ugly thing
   548 | D        | Noticed a deep elf mage
   553 | D        | Killed a deep elf mage
   553 | D        | Reached **** piety under Okawaru
   553 | D        | Reached skill level 12 in Shields
   574 | D        | Killed a cyan ugly thing
   576 | D        | Killed a cyan ugly thing
   576 | D        | Reached XP level 9. HP: 91/91 MP: 8/8
   577 | D        | Reached ***** piety under Okawaru
   577 | D        | Reached skill level 13 in Shields
   726 | D        | Gained mutation: You are partially covered in slimy green
                  | scales. (AC +2) [potion of mutation]
   726 | D        | Gained mutation: You are dopey. (Int -2) [potion of
                  | mutation]
   726 | D        | Gained mutation: You are partially covered in yellow
                  | scales. (AC +2) [potion of mutation]
   727 | D        | Noticed a rime drake
   743 | D        | Killed a rime drake
   743 | D        | Reached skill level 5 in Dodging
   743 | D        | Noticed a cane toad
   771 | D        | Killed a cane toad
   771 | D        | Received a gift from Okawaru
   776 | D        | Got a pair of fading boots {god gift}
   782 | D        | Identified the +2 pair of boots of Analysis {rElec Str+2
                  | Stlth+} (Okawaru gifted it to you in the Dungeon)
   810 | D        | Noticed a five-headed hydra
   810 | D        | Noticed a cane toad
   810 | D        | Noticed a komodo dragon
   812 | D        | Noticed a komodo dragon
   820 | D        | Killed a komodo dragon
   820 | D        | Reached skill level 10 in Short Blades
   820 | D        | Reached skill level 14 in Shields
   824 | D        | Killed a cane toad
   824 | D        | Reached XP level 10. HP: 97/101 MP: 9/9
   831 | D        | Killed a five-headed hydra
  1081 | D        | Noticed a lindwurm
  1081 | D        | Noticed a lindwurm
  1081 | D        | Noticed a lindwurm
  1081 | D        | Noticed a lindwurm
  1095 | D        | Killed a lindwurm
  1095 | D        | Reached skill level 15 in Shields
  1104 | D        | Killed a lindwurm
  1106 | D        | Noticed a lindwurm
  1114 | D        | Killed a lindwurm
  1120 | D        | Killed a lindwurm
  1132 | D        | Killed a lindwurm
  1132 | D        | Reached XP level 11. HP: 61/111 MP: 10/10
  1345 | D        | Noticed Sonja
  1350 | D        | Killed Sonja
  1350 | D        | Received a gift from Okawaru
  1350 | D        | Noticed Grum
  1352 | D        | Noticed Harold
  1362 | D        | Killed Grum
  1367 | D        | Reached skill level 16 in Shields
  1380 | D        | Killed Harold
  1380 | D        | Reached skill level 15 in Fighting
  1646 | D        | Reached skill level 1 in Evocations
  1666 | D        | Reached skill level 15 in Short Blades
  1834 | D        | Found Kidusucle's Antique Weapon Boutique.
  1834 | D        | Noticed a two-headed ogre
  1846 | D        | Killed a two-headed ogre
  1847 | D        | Found Ytumeuhu's Magic Scroll Shop.
  1847 | D        | Noticed an ogre mage
  1854 | D        | Reached skill level 17 in Shields
  1863 | D        | Killed an ogre mage
  1863 | D        | Reached ****** piety under Okawaru
  1867 | D        | Found Eresok's Assorted Antiques.
  1879 | D        | Found Eceod's Magic Scroll Shop.
  1881 | D        | Noticed an ogre mage
  1882 | D        | Noticed an ogre mage
  1883 | D        | Noticed a two-headed ogre
  1884 | D        | Noticed an ogre mage
  1891 | D        | Killed an ogre mage
  1900 | D        | Killed a two-headed ogre
  1910 | D        | Killed an ogre mage
  1916 | D        | Killed an ogre mage
  2047 | D        | Bought a scroll of magic mapping for 35 gold pieces
  2047 | D        | Bought a scroll of enchant armour for 75 gold pieces
  2047 | D        | Bought a scroll of enchant weapon for 75 gold pieces
  2047 | D        | Bought a scroll of identify for 20 gold pieces
  2049 | D        | Bought a scroll of enchant armour for 217 gold pieces
  2049 | D        | Bought a lumpy cyan potion for 26 gold pieces
  2051 | D        | Bought a scroll of identify for 20 gold pieces
  2051 | D        | Bought a scroll of enchant armour for 75 gold pieces
  2051 | D        | Bought a scroll of fog for 20 gold pieces
  2051 | D        | Bought a scroll of enchant weapon for 75 gold pieces
  2051 | D        | Bought a scroll of fog for 20 gold pieces
  2051 | D        | Bought a scroll of immolation for 35 gold pieces
  2119 | D        | Noticed Erolcha
  2128 | D        | Killed Erolcha
  2128 | D        | Received a gift from Okawaru
  2128 | D        | Reached XP level 12. HP: 124/124 MP: 11/11
  2136 | D        | Noticed Urug
  2151 | D        | Killed Urug
  2151 | D        | Reached skill level 18 in Shields
  2310 | D        | Noticed a fire dragon
  2319 | D        | Noticed a catoblepas
  2329 | D        | Reached skill level 10 in Dodging
  2331 | D        | Noticed a stone giant
  2468 | D        | Killed a fire dragon
  2468 | D        | Reached skill level 1 in Throwing
  2714 | D        | Killed a catoblepas
  2744 | D        | Killed a stone giant
  2744 | D        | Reached skill level 15 in Armour
  2785 | D        | Received a gift from Okawaru
  2786 | D        | Noticed a fire dragon
  2790 | D        | Noticed an ogre mage
  2817 | D        | Killed a fire dragon
  2828 | D        | Killed an ogre mage
  2828 | D        | Reached skill level 19 in Shields
  2976 | D        | Noticed a fire dragon
  3010 | D        | Killed a fire dragon
  3266 | D        | Noticed an anaconda
  3267 | D        | Noticed an anaconda
  3281 | D        | Noticed a naga warrior
  3330 | D        | Killed an anaconda
  3348 | D        | Killed an anaconda
  3365 | D        | Killed a naga warrior
  3365 | D        | Reached skill level 20 in Shields
  3376 | D        | Reached XP level 13. HP: 19/136 MP: 12/12
  3803 | D        | Received a gift from Okawaru
  3869 | D        | Got a pitted short sword {god gift}
  3870 | D        | Identified the +8 short sword "Zixkumaski" {freeze, *Contam
                  | rF++ Str+5} (Okawaru gifted it to you in the Dungeon)
  3885 | D        | Noticed a merfolk impaler
  3907 | D        | Killed a merfolk impaler
  3912 | D        | Reached skill level 5 in Throwing
  3918 | D        | Reached skill level 21 in Shields
  4086 | D        | Noticed a spark wasp
  4086 | D        | Noticed a spark wasp
  4094 | D        | Killed a spark wasp
  4103 | D        | Killed a spark wasp
  4126 | D        | Received a gift from Okawaru
  4203 | D        | Noticed Agnes
  4216 | D        | Killed Agnes
  4216 | D        | Reached skill level 22 in Shields
  4269 | D        | Noticed Nergalle
  4284 | D        | Killed Nergalle
  4333 | D        | Noticed a fire dragon
  4333 | D        | Noticed a stone giant
  4333 | D        | Noticed a lich
  4333 | D        | Noticed a fire dragon
  4334 | D        | Noticed a stone giant
  4353 | D        | Noticed a frost giant
  4377 | D        | HP: 2/139 [lich/bolt of acid (31)]
  4377 | D        | Splashed by a lich's acid

Illustrated notes

Levels and vault maps discovered:
D:        linesprint [early_d, line_temple, items_1, d_10, items_2, lair_1,
          lair_end, items_3, orc_1, orc_end, items_4, d_15, swamp_1, shoals_1,
          snake_1, spider_1, d_20, vaults_1, items_5, swamp_end, shoals_end,
          snake_end, spider_end, vaults_end, d_27, items_6, zot_1, zot_end,
          crypt_end, forest_end, elf_end, slime_end, tomb_end, abyss_end,
          pan_hell_end]

Skill      XL: |  1  2  3  4  5  6  7  8  9 10 11 12 13 |
---------------+----------------------------------------+-----
Fighting       | 5 6 8 10 11 12 13 14 16 18 19 | 19.6
Armour         | 5 7 9 11 13 14 15 17 | 17.4
Shields        | 5 6 8 11 12 14 15 17 20 22 | 22.1
Long Blades    | 3 |  3.7
Short Blades   | 2 4 5 7 10 13 16 17 18 | 18.1
Dodging        | 1 3 4 6 7 9 10 | 10.9
Stealth        | 1 2 3 4 |  4.7
Evocations     | 2 3 |  3.1
Throwing       | 4 5 |  5.8

Action                   |  1- 3 |  4- 6 |  7- 9 | 10-12 | 13-15 || total
-------------------------+-------+-------+-------+-------+-------++-------
Melee: Long sword        |    27 |       |       |       |       ||    27
       Headbutt          |     3 |     2 |    25 |   146 |    49 ||   225
       Rapier            |     3 |    10 |    98 |   270 |       ||   381
       Quick blade       |       |       |       |   241 |    38 ||   279
       Short sword       |       |       |       |       |   113 ||   113
Throw: Javelin           |       |       |       |     8 |     8 ||    16
       Dart              |       |       |       |     4 |       ||     4
Evoke: Wand              |       |       |       |     5 |     1 ||     6
  Use: Potion            |       |     4 |     1 |     5 |     2 ||    12
       Scroll            |       |       |       |       |     1 ||     1
 Stab: Invisible         |       |     1 |       |       |       ||     1
Armor: Scale mail        |     9 |       |       |       |       ||     9
       Ring mail         |       |     7 |    10 |    31 |       ||    48
       Plate armour      |       |       |       |    57 |    92 ||   149
Dodge: Dodged            |    10 |     6 |    27 |   111 |    99 ||   253
Block: Kite shield       |     9 |     7 |    31 |   187 |    85 ||   319
       Rpst.: Long sword |     3 |       |       |       |       ||     3

Table legend: (Time is in decaauts)
 A = Elapsed time spent in this place.
 B = Non-inter-level travel time spent in this place.
 C = Inter-level travel time spent in this place.
 D = Time resting spent in this place.
 E = Time spent auto-exploring this place.
 F = Levels seen in this place.
 G = Mean time per level.
                   A        B        C        D        E       F      G
               +--------+--------+--------+--------+--------+-----+--------+
         Total |   4023 |   4009 |     14 |   1871 |    714 |   1 | 4023.0 |
       Dungeon |   4023 |   4009 |     14 |   1871 |    714 |   1 | 4023.0 |
               +--------+--------+--------+--------+--------+-----+--------+

Top non-repeatable levels by time:
       D: 4023 daAuts
